 Dungeon Crawl Stone Soup version 0.18-a0-750-g37044d6 (webtiles) character file.

478 fredomojojo the Shield-Bearer (level 6, 0/53 HPs)
             Began as a Minotaur Fighter on Dec 12, 2015.
             Slain by an iguana (8 damage)
             ... on level 3 of the Dungeon.
             The game lasted 00:23:28 (2338 turns).

fredomojojo the Shield-Bearer (Minotaur Fighter)    Turns: 2338, Time: 00:23:28

Health: 0/53       AC:  6    Str: 22    XL:     6   Next: 86%
Magic:  5/5        EV: 10    Int:  5    God:
Gold:   106        SH: 10    Dex: 10    Spells: 0 memorised, 5 levels left

rFire  . . .     SeeInvis .     k - -3 flail (curse)
rCold  . . .     Clarity  .     u - +0 ring mail (curse)
rNeg   . . .     SustAt   .     c - +0 shield
rPois  .         Gourm    .     (helmet restricted)
rElec  .         Spirit   .     (no cloak)
rCorr  .         Dismiss  .     (no gloves)
rMut   .         Stasis   .     (no boots)
MR     .....                    (no amulet)
Stlth  +.........               (no ring)
                                (no ring)

@: not resistant to hostile enchantments, very unstealthy
A: retaliatory headbutt, horns 2
a: no special abilities


You were on level 3 of the Dungeon.
You were not hungry.

You visited 1 branch of the dungeon, and saw 4 of its levels.

You collected 106 gold pieces.

Inventory:

Hand Weapons
 a - a +0 long sword
 j - a +0 spear
 k - a cursed -3 flail (weapon)
 m - a +0 falchion
 w - a +0 hand axe of freezing
Missiles
 p - 45 stones
 x - a throwing net (quivered)
Armour
 b - a +0 scale mail
 c - a +0 shield (worn)
 l - a +2 ring mail of magic resistance
 u - a cursed +0 ring mail (worn)
Scrolls
 g - a scroll of noise
Potions
 d - a potion of might
 h - a potion of magic {unknown}
 n - 2 potions of curing {unknown}
 o - a potion of mutation {unknown}
 q - a potion of experience {unknown}
 r - 2 potions of heal wounds {unknown}
 t - a potion of degeneration {unknown}
 v - a potion of agility {unknown}
 z - a potion of lignification {unknown}
Comestibles
 e - 3 bread rations
 f - 4 chunks of flesh
 i - 4 fruits
 s - 2 meat rations
 A - a beef jerky


   Skills:
 + Level 4.7 Fighting
 + Level 4.2 Long Blades
 + Level 5.0 Armour
 + Level 3.7 Dodging
 + Level 0.5 Stealth
 + Level 5.7 Shields


You had 5 spell levels left.
You didn't know any spells.

Dungeon Overview and Level Annotations

Branches:
Dungeon (4/15)
 Temple: D:4-7

Altars:
Ashenzari


Innate Abilities, Weirdness & Mutations

You reflexively headbutt those who attack you in melee.
You have a pair of horns on your head.


Message History

The ogre is severely wounded.
The iguana barely misses you. The ogre hits you with a giant club!
* * * LOW HITPOINT WARNING * * *
You sock the ogre!
You kill the ogre!
Your Armour skill increases to level 5!
The iguana bites you.
* * * LOW HITPOINT WARNING * * *
You block the iguana's attack. The iguana closely misses you.
You see here a giant club.
You hit the iguana but do no damage.
The iguana is severely wounded.
You block the iguana's attack.
You hit the iguana but do no damage. Your headbutt misses the iguana.
The iguana is severely wounded.
The iguana barely misses you. You furiously retaliate!
You headbutt the iguana, but do no damage.
The iguana bites you!
You die...

# #.# # #.##.# #
#.##.# # #.##.#
####### #.##.#
......###### #.##.#
#####......# #.##.#
######.....###.##l#
................@>#
..####.........####
..# #.....#...# ##
#.......).# #
##..#..<..# ###
#..####..# ..#
##.......# ..#
#..###.## ..# #
.###.#


You could see an iguana.

Vanquished Creatures
  Grinder (D:3)
  An ogre (D:3)
  An orc wizard (D:3)
  3 gnolls (D:2)
  4 adders
  6 oozes
  4 orcs
  7 bats
  5 giant cockroaches
  12 hobgoblins
  2 jackals (D:3)
  A quokka (D:3)
  A ball python (D:1)
  2 giant newts (D:2)
  14 goblins
  11 kobolds
  8 rats
83 creatures vanquished.

Notes
Turn   | Place    | Note
--------------------------------------------------------------
     0 | D:1      | fredomojojo the Minotaur Fighter began the quest for the Orb.
     0 | D:1      | Reached XP level 1. HP: 19/19 MP: 0/0
    27 | D:1      | Reached skill level 4 in Shields
    30 | D:1      | Reached XP level 2. HP: 21/27 MP: 1/1
   379 | D:1      | Reached XP level 3. HP: 30/33 MP: 2/2
   582 | D:2      | Reached XP level 4. HP: 8/40 MP: 3/3
   802 | D:2      | Reached skill level 1 in Dodging
  1098 | D:1      | Found a shattered altar of Ashenzari.
  1695 | D:2      | Reached XP level 5. HP: 46/46 MP: 4/4
  1799 | D:3      | Reached skill level 5 in Shields
  1833 | D:3      | Noticed Grinder
  2091 | D:3      | Paralysed by Grinder for 3 turns
  2098 | D:3      | Killed Grinder
  2098 | D:3      | Reached XP level 6. HP: 48/53 MP: 5/5
  2335 | D:3      | Reached skill level 5 in Armour
  2338 | D:3      | Slain by an iguana

Vault maps used:
D:1:      onia_arrival_handbag, st_stairs_12, evilmike_ruin_ashenzari
D:3:      serial_curves, eino_curves_03, eino_curves_02, uniq_grinder
D:4:      grunt_temple_overflow_champion_of_chaos, grunt_ministairs_2,
          uniq_eustachio

Action                   |  1- 3 |  4- 6 || total
-------------------------+-------+-------++-------
Melee: Long sword        |   108 |   144 ||   252
       Flail             |       |    14 ||    14
Throw: Throwing net      |       |     2 ||     2
       Stone             |       |     4 ||     4
  Use: Scroll            |       |     4 ||     4
  Eat: Chunk             |       |     5 ||     5
